 Dungeon Crawl Stone Soup version 0.29-a0-330-g52719c12eb (webtiles) character file.

Game seed: 14197709274535797772

70 kae the Firebug (level 4, -6/28 HPs)
             Began as an Octopode Fire Elementalist on Apr 18, 2022.
             Mangled by an iguana (10 damage)
             ... on level 3 of the Dungeon.
             The game lasted 00:00:55 (2841 turns).

kae the Firebug (Octopode Fire Elementalist)        Turns: 2841, Time: 00:00:56

Health: -6/28      AC:  5    Str:  7    XL:     4   Next: 21%
Magic:  7/7        EV: 13    Int: 19    God:
Gold:   111        SH:  0    Dex: 12    Spells: 6/7 levels left

rFire   . . .      SeeInvis .   g - +4 dagger
rCold   . . .      Faith    .   (no shield)
rNeg    . . .      Spirit   .   (helmet restricted)
rPois   .          Reflect  .   (no amulet)
rElec   .          Harm     .   c - +4 ring of protection
rCorr   .          Rampage  .   (no ring)
Will    .....                   (no ring)
Stlth   +++.......              (no ring)
HPRegen 0.09/turn               (no ring)
MPRegen 0.10/turn               (no ring)
                                (no ring)
                                (no ring)

@: no status effects
A: almost no armour, amphibious, 8 rings, camouflage 1, gelatinous body 1,
(nimble swimmer 1), tentacles
a: no special abilities


You were on level 3 of the Dungeon.
You visited 1 branch of the dungeon, and saw 3 of its levels.

You collected 111 gold pieces.

Inventory:

Hand Weapons
 g - a +4 dagger (weapon)
Jewellery
 c - a +4 ring of protection (left tentacle)
Scrolls
 e - a scroll of enchant armour
 h - a scroll of enchant weapon {unknown}
 i - 2 scrolls of identify
Potions
 a - a potion of magic
 b - a potion of lignification {unknown}
 d - a potion of degeneration {unknown}
 f - a potion of resistance


   Skills:
 + Level 1.0 Fighting
 + Level 2.3 Dodging
 + Level 3.3 Stealth
 + Level 2.2 Spellcasting
 + Level 1.6 Conjurations
 * Level 3.8 Fire Magic


You had 6 spell levels left.
You knew the following spells:

 Your Spells              Type           Power      Damage    Failure   Level
a - Foxfire               Conj/Fire      48%        2x1d6     5%          1

Your spell library contained the following spells:

 Spells                   Type           Power      Damage    Failure   Level
 Scorch                   Fire           32%        2d7       5%          2
 Conjure Flame            Conj/Fire      12%        6-21      16%         3
 Summon Small Mammal      Summ           8%         N/A       17%         1
 Inner Flame              Hex/Fire       9%         N/A       22%         3
 Call Canine Familiar     Summ           2%         N/A       45%         3
 Summon Guardian Golem    Hex/Summ       2%         N/A       45%         3
 Flame Wave               Conj/Fire      12%        2d6       47%         4


Dungeon Overview and Level Annotations

Branches:
Dungeon (3/15)

Altars:


Innate Abilities, Weirdness & Mutations

You cannot wear most types of armour.
You are amphibious.
You can wear up to eight rings at the same time.
Your skin changes colour to match your surroundings (Stealth+).
Your rubbery body absorbs attacks. (AC +1, EV +1)
((You are camouflaged when in or above water. (Stealth+)))
You have tentacles for arms and can constrict up to eight enemies at once.


Message History

An iguana comes into view.
There are monsters nearby!
The goblin completely misses you.
The iguana hisses angrily.
You hit the goblin. You grab the goblin.
The goblin is almost dead.
You constrict the goblin, but do no damage.
The goblin barely misses you.
There are monsters nearby!
There are monsters nearby!
You puncture the goblin!
You kill the goblin!
The iguana closely misses you.
You see here a +0 club.
You hit the iguana. Your grab misses the iguana.
You squeeze the iguana, but do no damage.
The iguana is lightly wounded.
The iguana barely misses you.
You closely miss the iguana. You grab the iguana.
The iguana is lightly wounded.
You constrict the iguana. The iguana bites you!
You are too injured to fight recklessly!
You are too injured to fight recklessly!
You are too injured to fight recklessly!
You are too injured to fight recklessly!
You are too injured to fight recklessly!
You are too injured to fight recklessly!
You hit the iguana but do no damage. You squeeze the iguana.
The iguana is heavily wounded.
You constrict the iguana, but do no damage.
The iguana completely misses you.
You hit the iguana but do no damage.
You tentacle-slap the iguana, but do no damage.
The iguana is heavily wounded.
You constrict the iguana. The iguana bites you!
* * * LOW HITPOINT WARNING * * *
You hit the iguana.
The iguana is severely wounded.
You constrict the iguana. The iguana bites you!
You die...

#### ... ### #..#.
... ... .... .>..
###.###..#...#
####....(...#...#
...........#....#
#(........l..#
##.#.#.##.@..#
...........##.....
#.#...)....#.#.##
#...####.#.#
#..........#
#..#####...#
#.#..#####...#.#
#...)........#.#
#########.....<###


You could see an iguana.

Vanquished Creatures
  2 adders
  An orc (D:3)
  6 ball pythons
  2 endoplasms
  5 giant cockroaches
  6 goblins
  6 hobgoblins
  A quokka (D:1)
  6 bats
  6 frilled lizards
  3 kobolds
  3 rats
47 creatures vanquished.

Vanquished Creatures (others)
  93 foxfires
93 creatures vanquished.

Grand Total: 140 creatures vanquished

Notes
Turn   | Place    | Note
-------+----------+-------------------------------------------
     0 | D:1      | kae the Octopode Fire Elementalist began the quest for the
                  | Orb.
     0 | D:1      | Reached XP level 1. HP: 11/11 MP: 3/3
   449 | D:1      | Reached XP level 2. HP: 17/17 MP: 3/5
  1179 | D:1      | Found a faded altar of an unknown god.
  1186 | D:1      | Reached XP level 3. HP: 17/22 MP: 2/6
  1879 | D:2      | Identified the +3 ring mail of the Modern Xenops {*Corrode
                  | rPois Will++ Int+7}
  2595 | D:3      | Reached XP level 4. HP: 17/27 MP: 0/7
  2742 | D:3      | Reached skill level 1 in Fighting
  2841 | D:3      | Mangled by an iguana

Illustrated notes

Levels and vault maps discovered:
D:1:      wander_arrival_lonely_grave, layout_rooms,
          chequers_ecumenical_altar_simple_redux
D:2:      layout_loops_corners
D:3:      layout_basic

Skill      XL: |  1  2  3  4 |
---------------+-------------+-----
Stealth        | 3 |  3.3
Fighting       | 1 |  1.0
Dodging        | |  2.3
Spellcasting   | |  2.2
Conjurations   | |  1.6
Fire Magic     | |  3.8

Action                   |  1- 3 |  4- 6 || total
-------------------------+-------+-------++-------
Melee: Unarmed           |    21 |       ||    21
       Constrict         |     9 |     3 ||    12
       Tentacles         |     4 |     3 ||     7
       Dagger            |    18 |    10 ||    28
       Punch             |       |     1 ||     1
 Cast: Foxfire           |    55 |     2 ||    57
  Use: Scroll            |     5 |       ||     5
 Stab: Sleeping          |     7 |       ||     7
Armor: Skin              |     9 |     1 ||    10
Dodge: Dodged            |    33 |     6 ||    39

Table legend: (Time is in decaauts)
 A = Elapsed time spent in this place.
 B = Non-inter-level travel time spent in this place.
 C = Inter-level travel time spent in this place.
 D = Time resting spent in this place.
 E = Time spent auto-exploring this place.
 F = Levels seen in this place.
 G = Mean time per level.
                   A        B        C        D        E       F      G
               +--------+--------+--------+--------+--------+-----+--------+
         Total |   2839 |   2805 |     34 |      0 |   2453 |   3 |  946.3 |
       Dungeon |   2839 |   2805 |     34 |      0 |   2453 |   3 |  946.3 |
               +--------+--------+--------+--------+--------+-----+--------+

Top non-repeatable levels by time:
     D:1: 1433 daAuts
     D:2: 1079 daAuts
     D:3: 326 daAuts
